 Dungeon Crawl Stone Soup version 0.30-a0-331-g8ab09dc110 (webtiles) character file.

Game seed: 7100520683959716992

210 p00ps00p the Trooper (level 5, -3/47 HPs)
             Began as a Hill Orc Fighter on Oct 29, 2022.
             Slain by a gnoll
             ... wielding a +0 whip
              (5 damage)
             ... on level 3 of the Dungeon.
             The game lasted 00:06:10 (2412 turns).

p00ps00p the Trooper (Hill Orc Fighter)             Turns: 2412, Time: 00:06:11

Health: -3/47      AC:  7    Str: 21    XL:     5   Next: 87%
Magic:  5/5        EV:  9    Int:  8    God:
Gold:   196        SH:  4    Dex: 10    Spells: 4/4 levels left

rFire   . . .      SeeInvis .    a - +0 war axe
rCold   . . .      Faith    .    c - +0 buckler
rNeg    . . .      Spirit   .    b - +0 scale mail
rPois   .          Reflect  .    (no helmet)
rElec   .          Harm     .    (no cloak)
rCorr   .          Rampage  .    (no gloves)
Will    .....                    (no boots)
Stlth   ..........               (no amulet)
HPRegen 0.27/turn                (no ring)
MPRegen 0.09/turn                (no ring)

@: no status effects
A: no striking features
a: no special abilities


You were on level 3 of the Dungeon.
You visited 1 branch of the dungeon, and saw 4 of its levels.

You collected 196 gold pieces.

Inventory:

Hand Weapons
 a - a +0 war axe (weapon)
Missiles
 p - 8 poisoned darts (quivered)
Armour
 b - a +0 scale mail (worn)
 c - a +0 buckler (worn)
 e - a +0 pair of gloves
Jewellery
 m - a +4 ring of protection
Scrolls
 i - a scroll of poison {unknown}
 j - a scroll of butterflies {unknown}
 k - a scroll of magic mapping {unknown}
 l - a scroll of identify {unknown}
 n - 2 scrolls of blinking {unknown}
 o - a scroll of teleportation {unknown}
 q - a scroll of vulnerability {unknown}
Potions
 d - a potion of might
 f - 3 potions of curing {unknown}
 g - a potion of resistance {unknown}
 h - a potion of brilliance {unknown}


   Skills:
 - Level 4.5 Fighting
 - Level 4.1 Axes
 + Level 2.3 Throwing
 - Level 4.2 Armour
 - Level 4.1 Shields


You had 4 spell levels left.
You didn't know any spells.
Your spell library contained the following spells:

 Spells                   Type           Power      Damage    Failure   Level
 Kiss of Death            Conj/Necr      0%         2d5       83%         1
 Sublimation of Blood     Necr           0%         N/A       92%         2
 Wereblood                Tmut           0%         N/A       92%         2
 Confusing Touch          Hex            0%         N/A       99%         3
 Stone Arrow              Conj/Erth      0%         3d7       99%         3
 Animate Armour           Summ/Erth      0%         N/A       100%        4
 Dispel Undead            Necr           0%         3d6       100%        4
 Summon Hydra             Summ           0%         N/A       100%        7
 Lehudib's Crystal Spear  Conj/Erth      0%         10d2      100%        8


Dungeon Overview and Level Annotations

Branches:
Dungeon (4/15)
 Temple: D:4-7

Altars:
Yredelemnul


Message History

You become entangled in the net!
You struggle against the net.
The gnoll closely misses you. The gnoll barely misses you.
The gnoll completely misses you. The gnoll hits you but does no damage.
You tear a large gash into the net.
The gnoll hits you but does no damage. The gnoll hits you with a +0 flail.
The gnoll hits you from afar with a +0 spear.
The endoplasm hits you. The gnoll hits you with a +0 halberd!
Unknown command.
You rip the net and break free!
The gnoll hits you with a +0 whip. The gnoll closely misses you.
The gnoll hits you from afar with a +0 spear!
* * * LOW HITPOINT WARNING * * *
The endoplasm hits you but does no damage.
The gnoll hits you with a +0 halberd.
* * * LOW HITPOINT WARNING * * *
The gnoll barely misses you. x2
The endoplasm freezes you.
You are frozen.
* * * LOW HITPOINT WARNING * * *
You block the gnoll's attack. The gnoll barely misses you.
You climb upwards.
There is a stone staircase leading down here.
You hit the gnoll but do no damage. You barely miss the gnoll. x2
You slash the endoplasm!
You kill the endoplasm!
The gnoll barely misses you. The gnoll hits you with a +0 whip.
* * * LOW HITPOINT WARNING * * *
The gnoll completely misses you.
You slash the gnoll!
The gnoll is severely wounded.
You hit the gnoll. You hit the gnoll but do no damage.
The gnoll barely misses you. The gnoll closely misses you.
The gnoll barely misses you. The gnoll closely misses you.
The gnoll hits you with a +0 whip.
* * * LOW HITPOINT WARNING * * *
The gnoll misses you. The gnoll attacks as you move away!
The gnoll barely misses you. The gnoll closely misses you.
The gnoll hits you with a +0 whip.
You die...

P.~..# #.#.##.......###.# ~~~~.##
#.#.##.........#.#
~~~~..###.#.##......##.#.########
~~~.......#.##......##.#.........
.~~~.######.##.#..........#######
..~.........##.#..........####
..#.....######.#.............####
..#.....######.#g.........##.#...
..............g>@......#.###.#.##
#.#.).....#####g########.# #.#.##
#.#..)....# #.# #.###.....
..#.......### #.# #.......#.
###.........# #.# #########.
.###...[..#.###.########.......#.
....#######..............#####.#.
....##### #####.########### #.#.
........# #...#.######....# #...


You could see 3 gnolls.

Vanquished Creatures
  An orc wizard (D:3)
  A scorpion zombie (D:3)
  A hound skeleton (D:3)
  5 adders
  2 adder zombies (D:3)
  An adder skeleton (D:3)
  2 worms (D:2)
  5 dart slugs
  4 orcs (D:3)
  4 bats
  5 endoplasms
  3 giant cockroaches
  8 goblins
  4 hobgoblins
  7 jackals
  A quokka (D:2)
  4 ball pythons (D:1)
  A ball python skeleton (D:3)
  3 frilled lizards (D:1)
  A jackal zombie (D:3)
  4 kobolds
  2 quokka zombies (D:3)
  4 rats
73 creatures vanquished.

Vanquished Creatures (others)
  A withered plant (D:3)
1 creature vanquished.

Grand Total: 74 creatures vanquished

Notes
Turn   | Place    | Note
-------+----------+-------------------------------------------
     0 | D:1      | p00ps00p the Hill Orc Fighter began the quest for the Orb.
     0 | D:1      | Reached XP level 1. HP: 19/19 MP: 1/1
    31 | D:1      | Found a faded altar of an unknown god.
    50 | D:1      | Reached XP level 2. HP: 17/27 MP: 2/2
   330 | D:1      | Reached XP level 3. HP: 33/33 MP: 3/3
   814 | D:2      | Found a basalt altar of Yredelemnul.
   914 | D:2      | Reached XP level 4. HP: 40/40 MP: 4/4
  1568 | D:3      | Reached XP level 5. HP: 47/47 MP: 5/5
  1929 | D:3      | Reached skill level 1 in Throwing
  2411 | D:3      | HP: 2/47 [gnoll/+0 whip (3)]
  2412 | D:3      | Slain by a gnoll

Illustrated notes

Levels and vault maps discovered:
D:1:      erik_arrival_triangle_medium, layout_basic,
          ebering_ecumenical_altar_rust
D:2:      layout_rooms, basic_altar, patterned_corridor
D:3:      layout_basic, serial_undead, serial_undead_f, serial_undead_e,
          serial_undead_a, serial_undead_c, serial_undead_a, serial_undead_e
D:4:      layout_basic, general_overflow_altar,
          minmay_temple_entry_stoned_glass, hangedman_decor_clover_reticule,
          nicolae_concentric_dashed_squares_mild, uniq_duvessa, uniq_menkaure

Skill      XL: |  1  2  3  4  5 |
---------------+----------------+-----
Axes           | 3 4 |  4.1
Fighting       | 4 |  4.5
Armour         | 4 |  4.2
Shields        | 4 |  4.1
Throwing       | 2 |  2.3

Action                   |  1- 3 |  4- 6 || total
-------------------------+-------+-------++-------
Melee: War axe           |    83 |   133 ||   216
Armor: Scale mail        |    58 |    69 ||   127
Dodge: Dodged            |    45 |    70 ||   115
Block: Buckler           |    30 |    30 ||    60

Table legend: (Time is in decaauts)
 A = Elapsed time spent in this place.
 B = Non-inter-level travel time spent in this place.
 C = Inter-level travel time spent in this place.
 D = Time resting spent in this place.
 E = Time spent auto-exploring this place.
 F = Levels seen in this place.
 G = Mean time per level.
                   A        B        C        D        E       F      G
               +--------+--------+--------+--------+--------+-----+--------+
         Total |   2488 |   2390 |     98 |     54 |   1617 |   4 |  622.0 |
       Dungeon |   2488 |   2390 |     98 |     54 |   1617 |   4 |  622.0 |
               +--------+--------+--------+--------+--------+-----+--------+

Top non-repeatable levels by time:
     D:3: 1095 daAuts
     D:1: 782 daAuts
     D:2: 604 daAuts
     D:4: 6 daAuts
